 Dungeon Crawl Stone Soup version 0.29.1-13-g9f3cf754e1 (webtiles) character file.

Game seed: 520513030259510613

4529 TOMEKEK the Protected (level 10, -5/84 HPs)
             Began as a Ghoul Gladiator on Jan 20, 2023.
             Was an Elder of Okawaru.
             Slain by a warg (6 damage)
             ... on level 8 of the Dungeon.
             The game lasted 00:21:54 (9998 turns).

TOMEKEK the Protected (Ghoul Gladiator)             Turns: 9998, Time: 00:21:54

Health: -5/84      AC: 16    Str: 23    XL:     10   Next: 39%
Magic:  12/12      EV: 23    Int:  3    God:    Okawaru [****..]
Gold:   367        SH:  5    Dex: 16    Spells: 9/9 levels left

rFire   . . .      SeeInvis .     - Unarmed
rCold   + . .      Faith    .   w - +0 buckler
rNeg    + + +      Spirit   .   K - +0 plate armour
rPois   ∞          Reflect  .   b - +0 helmet
rElec   .          Harm     .   J - +0 cloak {Will+}
rCorr   .          Rampage  .   (no gloves)
Will    ++...                   (no boots)
Stlth   ..........              F - amulet of the acrobat
HPRegen 0.00/turn               z - +6 ring of dexterity
MPRegen 0.13/turn               n - ring of willpower

@: acrobatic, inhibited regen
A: claws 1, cold resistance 1, negative energy resistance 3, inhibited
regeneration, torment resistance 2, devour on kill
a: Renounce Religion, Heroism, Finesse


You were on level 8 of the Dungeon.
You worshipped Okawaru.
Okawaru was greatly pleased with you.
You visited 1 branch of the dungeon, and saw 8 of its levels.
You also visited: Ossuary.

You collected 367 gold pieces.

Inventory:

Missiles
 g - 62 stones
 M - 3 silver boomerangs (quivered)
 P - a javelin
Armour
 b - a +0 helmet (worn)
 w - a +0 buckler (worn)
 J - a +0 cloak of willpower (worn)
 K - a +0 plate armour (worn)
Jewellery
 a - a ring of flight
 n - a ring of willpower (right claw)
 r - a ring of wizardry
 z - a +6 ring of dexterity (left claw)
 F - an amulet of the acrobat (around neck)
 I - a ring of see invisible
 N - a ring of ice
 Q - a ring of magical power
 R - an amulet of regeneration
Wands
 d - a wand of acid (7)
 h - a wand of iceblast (9)
Scrolls
 k - a scroll of summoning {unknown}
 m - a scroll of blinking
 o - a scroll of fear {unknown}
 p - 2 scrolls of enchant armour {unknown}
 q - 3 scrolls of teleportation
 t - 2 scrolls of vulnerability {unknown}
 y - 2 scrolls of amnesia
 B - 2 scrolls of poison {unknown}
 C - 2 scrolls of enchant weapon
 L - 3 scrolls of butterflies {unknown}
 O - a scroll of torment {unknown}
 T - 3 scrolls of noise {unknown}
Potions
 e - 9 potions of mutation
 f - 6 potions of curing
 i - 5 potions of attraction
 j - 4 potions of ambrosia
 l - 2 potions of cancellation
 s - 2 potions of degeneration
 u - 6 potions of heal wounds {unknown}
 v - a potion of brilliance {unknown}
 x - 2 potions of haste {unknown}
 D - a potion of flight {unknown}
 E - a potion of resistance {unknown}
 H - 3 potions of might {unknown}
 S - 2 potions of lignification {unknown}


   Skills:
 + Level 6.5 Fighting
 - Level 4.0 Throwing
 + Level 8.2 Armour
 - Level 4.0 Dodging
 + Level 3.9 Shields
 + Level 6.5 Unarmed Combat
 - Level 4.0 Invocations
 - Level 4.0 Evocations


You had 9 spell levels left.
You didn't know any spells.
Your spell library contained the following spells:

 Spells                   Type           Power      Damage    Failure   Level
 Apportation              Tloc           0%         N/A       100%        1
 Necrotise                Necr           0%         1d4       100%        1
 Static Discharge         Conj/Air       0%         3-3/arc   100%        2
 Ozocubu's Armour         Ice            0%         N/A       100%        3
 Corpse Rot               Necr/Pois/Air  0%         N/A       100%        4
 Dispel Undead            Necr           0%         3d6       100%        4
 Fulminant Prism          Conj/Hex       0%         3d6       100%        4
 Iskenderun's Mystic Bla  Conj/Tloc      0%         2d3       100%        4
 Sticky Flame             Conj/Fire      0%         2d3       100%        4
 Lee's Rapid Deconstruct  Erth           0%         3d5*      100%        5
 Metabolic Englaciation   Hex/Ice        0%         N/A       100%        5
 Summon Small Mammal      Summ           Unusable   N/A       N/A         1
 Death Channel            Necr           Unusable   N/A       N/A         6
 Simulacrum               Ice/Necr       Unusable   N/A       N/A         6

Dungeon Overview and Level Annotations

Branches:
Dungeon (8/15)             Temple (0/1) D:5         Ossuary (visited)
   Lair: D:8-11

Altars:
Cheibriados
Okawaru
Sif Muna
Trog
Wu Jian


Innate Abilities, Weirdness & Mutations

You are immune to poison.
You have sharp fingernails.
Your flesh is cold resistant. (rC+)
You are immune to negative energy. (rN+++)
You do not regenerate when monsters are visible.
You are immune to unholy pain and torment.
You thrive by killing the living.


Message History

You kill the orc priest!
Okawaru accepts your kill.
You feel better.
You scratch the orc wizard.
The orc wizard is moderately wounded.
The orc wizard barely misses you.
You scratch the orc wizard.
The orc wizard is heavily wounded.
The orc wizard hits you but does no damage.
You barely miss the orc wizard.
The orc wizard is heavily wounded.
The orc wizard barely misses you.
You claw the orc wizard!
You kill the orc wizard!
Okawaru accepts your kill.
You scratch the warg but do no damage. The warg completely misses you.
You barely miss the warg. The warg barely misses you.
You scratch the warg but do no damage. The warg bites you. The warg bites you!
* * * LOW HITPOINT WARNING * * *
You closely miss the warg.
An orc wizard comes into view. It is wielding a +0 dagger.
The warg bites you.
* * * LOW HITPOINT WARNING * * *
You claw the warg!
The warg is moderately wounded.
You block the warg's attack.
You scratch the warg.
The warg is heavily wounded.
The warg bites you but does no damage.
You scratch the warg but do no damage.
The warg is heavily wounded.
The warg completely misses you.
You closely miss the warg.
The warg is heavily wounded.
The warg bites you!
* * * LOW HITPOINT WARNING * * *
The warg attacks as you move away! The warg bites you!
* * * LOW HITPOINT WARNING * * *
The warg bites you.
You die...

.................o.....o.....#
#.......####.(.....###.#..##.##..
##.....######.....## #.#..<....#
#..........#....## #.#...##..#
#..o######.#.#.## .)...... #
#...# #.#.# #))#...###
#...######.#.#.# #).##.##
#.#..........#.#####).##.#
#.#o#.####. #.@ho.†....## #.....#
#######..### #.#....# .h.!.
#.!........ ....... #.#....####
.....$. #.....## y...#8# # #....
<#### # #..#.. h# ##...##


You could see a warg and an orc wizard.

Vanquished Creatures
  A two-headed ogre (D:8)
  Joseph (D:7)
  Eustachio (D:5)
  A steam dragon (D:7)
  A warg (D:8)
  A water moccasin (D:6)
  2 black bears
  An ice beast (D:7)
  A sky beast (D:7)
  An ogre (D:5)
  2 centaurs
  A phantom (D:5)
  A bullfrog (D:6)
  5 scorpions
  A water moccasin zombie (Ossuary)
  17 killer bees
  A howler monkey (D:5)
  5 centaur zombies (Ossuary)
  10 bullfrog zombies (Ossuary)
  A jelly (D:6)
  Crazy Yiuf (D:4)
  3 orc priests
  2 hounds
  A gnoll bouda (D:7)
  2 orc wizards
  Ijyb (D:4)
  2 killer bee zombies (Ossuary)
  12 mummies
  A howler monkey zombie (Ossuary)
  3 gnolls (D:7)
  6 adders
  A shadow imp (D:7)
  2 white imps (D:6)
  3 ufetubi
  A worm (D:2)
  5 dart slugs
  15 orcs
  5 bats
  5 endoplasms
  4 giant cockroaches
  5 goblins
  8 hobgoblins
  7 jackals
  4 quokkas
  6 ball pythons
  A frilled lizard (D:1)
  7 kobolds
  24 rats
192 creatures vanquished.

Vanquished Creatures (others)
  4 fungi (D:5)
  6 withered plants (Ossuary)
10 creatures vanquished.

Grand Total: 202 creatures vanquished

Notes
Turn   | Place    | Note
-------+----------+-------------------------------------------
     0 | D:1      | TOMEKEK the Ghoul Gladiator began the quest for the Orb.
     0 | D:1      | Reached XP level 1. HP: 17/17 MP: 0/0
   153 | D:1      | Reached XP level 2. HP: 25/25 MP: 1/1
   402 | D:1      | Reached XP level 3. HP: 30/30 MP: 2/2
  1160 | D:2      | Reached skill level 1 in Armour
  1716 | D:2      | Reached XP level 4. HP: 37/37 MP: 3/3
  1967 | D:3      | Found a faded altar of an unknown god.
  2265 | D:3      | Found an iron altar of Okawaru.
  2279 | D:3      | Became a worshipper of Warmaster Okawaru
  2530 | D:3      | Found a faded altar of an unknown god.
  2715 | D:3      | Found a shimmering blue altar of Sif Muna.
  2999 | D:4      | Noticed Ijyb
  3012 | D:4      | Killed Ijyb
  3013 | D:4      | Reached XP level 5. HP: 42/45 MP: 4/4
  3056 | D:4      | Found a sand-covered staircase.
  3070 | Ossuary  | Entered an ossuary
  3126 | Ossuary  | Reached skill level 2 in Armour
  3135 | Ossuary  | Reached XP level 6. HP: 12/51 MP: 5/5
  3180 | Ossuary  | Reached * piety under Okawaru
  3229 | Ossuary  | Reached skill level 3 in Armour
  3316 | Ossuary  | Reached XP level 7. HP: 6/59 MP: 6/6
  3880 | Ossuary  | Reached skill level 4 in Armour
  4178 | Ossuary  | Reached skill level 5 in Armour
  4191 | Ossuary  | Reached XP level 8. HP: 38/66 MP: 7/7
  5193 | D:4      | Found a runed translucent door.
  5194 | D:4      | Noticed Crazy Yiuf
  5326 | D:4      | Killed Crazy Yiuf
  5383 | D:5      | Entered Level 5 of the Dungeon
  5409 | D:5      | Reached ** piety under Okawaru
  5410 | D:5      | Reached skill level 6 in Armour
  5485 | D:5      | Found a staircase to the Ecumenical Temple.
  5817 | D:5      | Reached skill level 1 in Invocations
  5833 | D:5      | Reached skill level 1 in Evocations
  6077 | D:5      | Noticed Eustachio
  6114 | D:5      | Killed Eustachio
  6921 | D:6      | Reached skill level 7 in Armour
  6921 | D:6      | Reached XP level 9. HP: 63/71 MP: 10/10
  7083 | D:6      | Reached *** piety under Okawaru
  7377 | D:6      | Reached skill level 1 in Shields
  7728 | D:6      | Found an ornate altar of the Wu Jian Council.
  8006 | D:7      | Noticed Joseph
  8022 | D:7      | Killed Joseph
  8023 | D:7      | Reached skill level 5 in Fighting
  8023 | D:7      | Reached skill level 5 in Unarmed Combat
  8127 | D:7      | Found a snail-covered altar of Cheibriados.
  8177 | D:7      | Reached **** piety under Okawaru
  9013 | D:7      | Reached XP level 10. HP: 69/83 MP: 12/12
  9113 | D:7      | Found a bloodstained altar of Trog.
  9515 | D:8      | Noticed a two-headed ogre
  9902 | D:8      | Killed a two-headed ogre
  9903 | D:8      | Reached skill level 8 in Armour
  9998 | D:8      | HP: 1/84 [warg (11)]
  9998 | D:8      | Slain by a warg

Illustrated notes

Levels and vault maps discovered:
D:1:      dpeg_arrival_lava_temple_mockup, layout_loops_ring,
          palyth_stone_intersect
D:2:      minmay_diamond_boxcup, layout_loops_cross
D:3:      layout_loops_corners, okawaru_gym_becter,
          nicolae_overflow_ecumenical_swirl, lemuel_blue_sif_altar,
          ebering_ecumenical_altar_webs, uniq_grinder
D:4:      layout_basic, gup_ossuary_entry_pyramid, minmay_rat_hole,
          uniq_crazy_yiuf_cottage, uniq_ijyb
D:5:      layout_loops_cross, minmay_temple_entry_stoned_glass, serial_aquarium,
          aquarium_bridge_straight [aquarium_subvault_bridge,
          aquarium_subvault_window, aquarium_subvault_bridge,
          aquarium_subvault_wall], aquarium_window_fake, aquarium_window_corner,
          aquarium_window_2, aquarium_view_2c, aquarium_view_2c,
          aquarium_pool_2, hangedman_abyss_or_decor_lesser_grid, uniq_eustachio
D:6:      layout_basic, pdpol_wu_jian_five_deadly_venoms
D:7:      layout_layer_cave, slow_altar_1, trog_book, uniq_joseph
D:8:      layout_loops_ring, erik_lair_orcish_takeover, corexii_hall_statues_x

Skill      XL: |  1  2  3  4  5  6  7  8  9 10 |
---------------+-------------------------------+-----
Throwing       | 2 3 4 |  4.0
Dodging        | 3 4 |  4.0
Armour         | 1 2 3 5 7 8 |  8.2
Fighting       | 3 4 5 6 |  6.5
Unarmed Combat | 4 5 6 |  6.5
Invocations    | 3 4 |  4.0
Evocations     | 2 4 |  4.0
Shields        | 2 3 |  3.9

Action                   |  1- 3 |  4- 6 |  7- 9 | 10-12 || total
-------------------------+-------+-------+-------+-------++-------
Melee: Unarmed           |   106 |   174 |   531 |    71 ||   882
       Punch             |     2 |     3 |     9 |       ||    14
Throw: Stone             |       |     3 |       |     5 ||     8
       Javelin           |       |       |     7 |     2 ||     9
       Throwing net      |       |       |     2 |     1 ||     3
       Boomerang         |       |       |     5 |     5 ||    10
Invok: Heroism           |       |       |     9 |     1 ||    10
Evoke: Wand              |       |       |     1 |     2 ||     3
  Use: Scroll            |       |    11 |       |     1 ||    12
       Potion            |       |     1 |     1 |       ||     2
 Stab: Held in net/web   |       |       |     2 |     1 ||     3
Armor: Leather armour    |    25 |    26 |       |       ||    51
       Scale mail        |       |    81 |   144 |       ||   225
       Plate armour      |       |       |   139 |    23 ||   162
Dodge: Dodged            |    50 |   111 |   416 |    31 ||   608
Block: Buckler           |       |       |    67 |    20 ||    87
